 Dungeon Crawl Stone Soup version 0.27-a0-1548-gf8a67e7463 (webtiles) character file.

Game seed: 90613090417955223

28 Drazool the Magician (level 3, -1/25 HPs)
             Began as a Djinni Air Elementalist on July 13, 2021.
             Slain by a centaur zombie (2 damage)
             ... on level 3 of the Dungeon.
             The game lasted 00:06:31 (2384 turns).

Drazool the Magician (Djinni Air Elementalist)      Turns: 2384, Time: 00:06:31

Health: -1/25      AC:  3    Str:  8    XL:     3   Next: 30%
Gold:   56         EV: 11    Int: 16    God:
                   SH:  0    Dex: 13

rFire    + + .     SeeInvis .   a - +0 broad axe
rCold    x . .     Faith    .   (no shield)
rNeg     . . .     Spirit   .   j - +0 leather armour
rPois    ∞         Reflect  .   (no helmet)
rElec    .         Harm     .   (no cloak)
rCorr    .         Rampage  .   (no gloves)
Will     .....                  (boots unavailable)
Stlth    ++........             A - amulet of the acrobat
HPRegen  0.08/turn              (no ring)
MPRegen  0.00/turn              (no ring)

@: flying
A: sickness immunity, fire resistance 2, cold vulnerability 1, float, innate
caster, hp casting, extra vitality 1
a: no special abilities


You were on level 3 of the Dungeon.
You visited 1 branch of the dungeon, and saw 3 of its levels.

You collected 56 gold pieces.


Innate Abilities, Weirdness & Mutations

You are immune to sickness and miasma.
You are immune to poison.
Your flesh is very heat resistant. (rF++)
You are vulnerable to cold. (rC-)
You float through the air rather than walking.
You learn spells naturally, not from books.
Your magical power is your life essence.
You have superior vitality. (+4 HP)


   Skills:
 - Level 2.1 Dodging
 - Level 1.5 Stealth
 + Level 3.3 Spellcasting


You couldn't memorise any spells.
You knew the following spells:

 Your Spells              Type           Power      Damage    Failure   Level
a - Airstrike             Air            6%         N/A       56%         4
i - Swiftness             Air            13%        N/A       21%         3
n - Apportation           Tloc           26%        N/A       7%          1
t - Static Discharge      Conj/Air       13%        N/A       11%         2
z - Shock                 Conj/Air       52%        1d6       7%          1
Your spell library was empty.

Inventory:

Hand Weapons
 a - a +0 broad axe (weapon)
Armour
 j - a +0 leather armour (worn)
 k - a +0 robe
Jewellery
 A - an amulet of the acrobat (around neck)
Scrolls
 b - 2 scrolls of fear {unknown}
 c - 2 scrolls of identify {unknown}
 h - a scroll of teleportation {unknown}
 i - a scroll of holy word {unknown}
Potions
 d - a potion of berserk rage {unknown}
 e - a potion of invisibility {unknown}
 f - a potion of ambrosia {unknown}
 g - 2 potions of brilliance {unknown}

Dungeon Overview and Level Annotations

Branches:
Dungeon (3/15)

Altars:

... ....
###...#
.....#
###.#.##
......
#.#.#########
#...........+
#...###.#@###
#.....#.#Z#
#..##.#.#.#
#..##.#.#.#
#.....#.#.#
#.#####.#.#
#.# #.#.# #.#
#.#.# #.#


You could see a centaur zombie.


Message History

Unknown command.
Casting: Static Discharge (safe; 11% risk of failure)
Confirm with . or Enter, or press ? or * to list all spells.
The centaur zombie is struck by an arc of lightning!
The centaur zombie is severely damaged.
You are struck by an arc of lightning.
* * * LOW HITPOINT WARNING * * *
The lightning grounds out.
* * * LOW HITPOINT WARNING * * *
The centaur zombie misses you. The centaur zombie kicks you.
* * * LOW HITPOINT WARNING * * *
Casting: Static Discharge (safe; 11% risk of failure)
Confirm with . or Enter, or press ? or * to list all spells.
The centaur zombie is struck by an arc of lightning.
The centaur zombie is severely damaged.
You are struck by an arc of lightning.
* * * LOW HITPOINT WARNING * * *
The lightning grounds out.
* * * LOW HITPOINT WARNING * * *
The centaur zombie hits you.
* * * LOW HITPOINT WARNING * * *
The centaur zombie kicks you but does no damage.
The centaur zombie misses you. The centaur zombie kicks you.
* * * LOW HITPOINT WARNING * * *
Your magical contamination has completely faded away.
You hit the centaur zombie but do no damage.
The centaur zombie is severely damaged.
The centaur zombie hits you but does no damage.
The centaur zombie kicks you.
You die...

Skill      XL: |  1  2 |
---------------+-------+-----
Spellcasting   | 3 |  3.3
Dodging        | |  2.1
Stealth        | |  1.5

Action                   || total
-------------------------++-------
Melee: Broad axe         ||     2
 Cast: Shock             ||    57
       Static Discharge  ||     8
       Apportation       ||     1
Armor: Leather armour    ||     2
Dodge: Dodged            ||     7

Levels and vault maps discovered:
D:1:      tarquinn_simple_flora_water_a, layout_loops_cross
D:2:      layout_basic, ebering_ecumenical_altar_hall
D:3:      layout_basic, mainiacjoe_overflow_surrounded_room

Notes
Turn   | Place    | Note
-------+----------+-------------------------------------------
     0 | D:1      | Drazool the Djinni Air Elementalist began the quest for the
                  | Orb.
     0 | D:1      | Reached XP level 1. HP: 15/15 MP: 0/0
   194 | D:1      | Reached XP level 2. HP: 14/21 MP: 0/0
   611 | D:1      | Reached skill level 3 in Spellcasting
  1341 | D:2      | Reached XP level 3. HP: 24/25 MP: 0/0
  1341 | D:2      | Learned a level 1 spell: Apportation
  2110 | D:2      | Found a faded altar of an unknown god.
  2383 | D:3      | HP: 2/25 [centaur zombie (3)]
  2384 | D:3      | Slain by a centaur zombie

Vanquished Creatures
  A worm (D:2)
  An endoplasm (D:1)
  A giant cockroach (D:1)
  3 jackals (D:1)
  3 quokkas
  4 ball pythons
  4 bats
  5 frilled lizards
  2 kobolds
  3 rats
27 creatures vanquished.

Table legend: (Time is in decaauts)
 A = Elapsed time spent in this place.
 B = Non-inter-level travel time spent in this place.
 C = Inter-level travel time spent in this place.
 D = Time resting spent in this place.
 E = Time spent auto-exploring this place.
 F = Levels seen in this place.
 G = Mean time per level.
                   A        B        C        D        E       F      G
               +--------+--------+--------+--------+--------+-----+--------+
         Total |   2384 |   2348 |     36 |    381 |   1751 |   3 |  794.7 |
       Dungeon |   2384 |   2348 |     36 |    381 |   1751 |   3 |  794.7 |
               +--------+--------+--------+--------+--------+-----+--------+

Top non-repeatable levels by time:
     D:1: 1375 daAuts
     D:2: 983 daAuts
     D:3: 25 daAuts

Table legend:
 A = Non-vault XP
 B = Vault XP
 C = Vault XP percentage of total XP
 D = Non-vault monster count
 E = Vault monster count
 F = Vault count percentage of total count
                 A         B        C        D         E       F
            +---------+---------+-------+---------+---------+-------
      Total |      41 |       0 |   0.0 |      27 |       0 |   0.0
            +---------+---------+-------+---------+---------+-------
        D:1 |      26 |       0 |   0.0 |      18 |       0 |   0.0
        D:2 |      15 |       0 |   0.0 |       9 |       0 |   0.0
            +---------+---------+-------+---------+---------+-------
